AoeStats
← NuclearRabbit19

Arabia

507043837Analyzed
1v1 RM · 16d ago on Sep 16, 2026· 41m 40s· 2 players
Game mode
Random Map
Map size
Tiny (2 player)
Population
200
Speed
Normal
Resources
Standard
Victory
Conquest
Starting age
Dark Age
Ending age
Imperial Age
RankedLock teamsTeams togetherTeam positionsShared explorationLock speedFull tech treeHidden civsTurbo modeCheats
Victory
Defeat
🇩🇪 Teutons · Germany
1274
+17
🇬🇧 Khitans · United Kingdom
1291
-17
LeoKiller225910
6:37 Loom
9:44 Feudal Age
10:15 Double-Bit Axe
19:49 Horse Collar
22:56 Castle Age
21:17 Scale Barding Armor
21:22 Gold Mining
21:56 Forging
22:28 Bloodlines
22:34 Stone Mining
22:49 Scale Mail Armor
22:45 Man-at-Arms
23:51 Squires
24:24 Chain Mail Armor
23:41 Long Swordsman
27:49 Wheelbarrow
28:10 Sanctity
28:37 Iron Casting
28:11 Gambesons
29:37 Fletching
30:20 Bow Saw
31:19 Stone Shaft Mining
30:37 Arson
33:38 Ballistics
37:51 Imperial Age
35:51 Bodkin Arrow
36:30 Heavy Plow
37:52 Chain Barding Armor
39:47 Masonry
40:36 Hand Cart
NuclearRabbit19
5:48 Loom
9:03 Feudal Age
12:11 Forging
15:23 Double-Bit Axe
15:22 Domestication
21:05 Castle Age
19:26 Gold Mining
20:11 Scale Mail Armor
22:26 Iron Casting
22:07 Chain Mail Armor
22:20 Squires
24:09 Fletching
25:00 Bow Saw
25:25 Town Watch
26:40 Wheelbarrow
26:16 Stone Mining
27:45 Bodkin Arrow
28:56 Hand Cart
29:29 Stone Shaft Mining
28:57 Arson
30:10 Ballistics
37:59 Imperial Age
38:58 Bracer
40:09 Chemistry
39:53 Lamellar Armor
40:09 Conscription
40:47 Plate Mail Armor
Connection lost

Rejoining the realm…

Still unreachable

The connection could not be restored.

Session expired

The server has moved on; the page needs a fresh start.